AoeStats
← [CL] Al3jandr0.magn00

Arabia

505660549Analyzed
1v1 RM · 21d ago on Sep 10, 2026· 55m 0s· 2 players
Game mode
Random Map
Map size
Tiny (2 player)
Population
200
Speed
Normal
Resources
Standard
Victory
Conquest
Starting age
Dark Age
Ending age
Imperial Age
RankedLock teamsTeams togetherTeam positionsShared explorationLock speedFull tech treeHidden civsTurbo modeCheats
Victory
Defeat
🇦🇷 Portuguese · Argentina
1936
+19
🇦🇷 Armenians · Argentina
1996
-19
[CL] Al3jandr0.magn00
6:00 Loom
8:50 Feudal Age
9:49 Double-Bit Axe
15:58 Fletching
19:33 Town Watch
20:24 Wheelbarrow
24:42 Castle Age
23:08 Horse Collar
23:51 Gold Mining
24:54 Crossbowman
26:17 Bodkin Arrow
38:30 Hand Cart
44:12 Imperial Age
44:02 Bloodlines
43:52 Husbandry
44:57 Bracer
46:14 Chemistry
45:35 Ballistics
44:41 Light Cavalry
45:42 Bow Saw
46:21 Scale Barding Armor
46:27 Forging
47:23 Chain Barding Armor
48:08 Conscription
49:18 Plate Barding Armor
49:29 Arquebus
48:57 Cavalier
50:26 Iron Casting
50:34 Arbalester
53:17 Blast Furnace
the best BO's
6:13 Loom
8:53 Feudal Age
8:55 Man-at-Arms
9:41 Double-Bit Axe
11:07 Arson
14:33 Town Watch
14:11 Long Swordsman
15:51 Scale Mail Armor
19:59 Forging
21:46 Fletching
22:59 Padded Archer Armor
24:50 Horse Collar
30:11 Castle Age
30:54 Bodkin Arrow
30:20 Elite Skirmisher
34:49 Bow Saw
38:54 Wheelbarrow
38:19 Town Watch
43:14 Leather Archer Armor
43:57 Hand Cart
43:45 Heavy Plow
46:30 Imperial Age
44:53 Ballistics
45:09 Hand Cart
44:58 Heavy Plow
44:31 Pikeman
45:20 Gold Mining
45:23 Stone Mining
46:51 Leather Archer Armor
47:05 Masonry
47:17 Bracer
48:32 Ring Archer Armor
49:36 Scale Barding Armor
49:47 Halberdier
54:33 Chain Mail Armor
54:19 Squires
Connection lost

Rejoining the realm…

Still unreachable

The connection could not be restored.

Session expired

The server has moved on; the page needs a fresh start.